 Dungeon Crawl Stone Soup version 0.26-a0-690-gcb57259078 (webtiles) character file.

Game seed: 9973740568154442287

310 ANON1729 the Skirmisher (level 6, -6/44 HPs)
             Began as an Octopode Chaos Knight on Oct 24, 2020.
             Was a Plaything of Xom.
             Mangled by a worker ant (7 damage)
             ... on level 4 of the Dungeon.
             The game lasted 00:03:02 (3819 turns).

ANON1729 the Skirmisher (Octopode Chaos Knight)     Turns: 3819, Time: 00:03:02

Health: -6/44      AC:  1    Str:  9    XL:     6   Next: 41%
Magic:  6/6        EV: 14    Int: 14    God:    Xom [..*...]
Gold:   156        SH:  0    Dex: 10    Spells: 5/5 levels left

rFire    . . .     SeeInvis +   a - +0 falchion (chaos)
rCold    . . .     Faith    .   (no shield)
rNeg     . . .     Spirit   .   (helmet restricted)
rPois    .         Reflect  .   (no amulet)
rElec    .         Harm     .   f - ring of see invisible
rCorr    .         Rampage  .   (no ring)
MR       .....                  (no ring)
Stlth    ++........             (no ring)
HPRegen  0.14/turn              (no ring)
MPRegen  0.10/turn              (no ring)
                                (no ring)
                                (no ring)

@: mighty, lethally poisoned (-6 -> -20)
A: almost no armour, stealthy swim, amphibious, 8 rings, constrict 8, camouflage
1, clumsy 1, screaming 1, weak 2, gelatinous body 1
a: Renounce Religion


You were on level 4 of the Dungeon.
You worshipped Xom.
You were a toy of Xom.
You visited 1 branch of the dungeon, and saw 4 of its levels.

You collected 156 gold pieces.

Inventory:

Hand Weapons
 a - a +0 falchion of chaos (weapon)
 g - a +0 long sword
Jewellery
 f - a ring of see invisible (left tentacle)
 o - a +6 ring of dexterity {unknown}
Scrolls
 d - 4 scrolls of identify {unknown}
 h - 3 scrolls of remove curse {unknown}
 k - a scroll of noise {unknown}
 l - 3 scrolls of enchant armour {unknown}
 m - a scroll of fog {unknown}
 n - a scroll of teleportation {unknown}
Potions
 b - a potion of might
 c - 2 potions of invisibility {unknown}
 e - a potion of heal wounds {unknown}
 i - a potion of brilliance {unknown}
 j - a potion of magic {unknown}
 p - a potion of curing {unknown}
 q - a potion of cancellation {unknown}


   Skills:
 + Level 4.7 Fighting
 + Level 4.6 Long Blades
 + Level 4.3 Dodging


You had 5 spell levels left.
You didn't know any spells.
Your spell library was empty.

Dungeon Overview and Level Annotations

Branches:
Dungeon (4/15)             Temple (0/1) D:4

Altars:
Dithmenos
Elyvilon
Ru
Trog
Yredelemnul


Innate Abilities, Weirdness & Mutations

You cannot wear most types of armour.
You are very stealthy in the water. (Stealth+)
You are amphibious.
You can wear up to eight rings at the same time.
You can use your tentacles to constrict eight enemies at once.
Your skin changes colour to match your surroundings (Stealth+).
Your rubbery body absorbs attacks. (AC +1, EV +1)
You are clumsy. (Dex -2)
You occasionally shout uncontrollably at your foes.
You are very weak. (Str -4)


Message History

You are too injured to fight recklessly!
You feel sick.
You barely miss the worker ant. Your grab misses the worker ant.
The worker ant is moderately wounded.
You feel sick. The worker ant bites you!
You completely miss the worker ant. You grab the worker ant.
The worker ant is moderately wounded.
You constrict the worker ant, but do no damage.
You feel sick. The worker ant bites you.
* * * LOW HITPOINT WARNING * * *
You are more poisoned.
The worker ant poisons you! The worker ant bites you.
* * * LOW HITPOINT WARNING * * *
It was a potion of might.
You feel very mighty all of a sudden.
You constrict the worker ant.
* * * LOW HITPOINT WARNING * * *
You feel sick. The worker ant bites you!
You die...
Xom chuckles heartily!

#.#.# #. #.##
..#.# #. #.# .##.#
#.# #.# #.# #.#
#.# #.########.#
##.#........#
#####....########
................
...##ยงยง@######..
##B## #h...).#
#..<...# #####h...
... .. .


You could see a hound and a worker ant.

Vanquished Creatures
  An eye of draining (D:3)
  Natasha (thrice) (D:2)
  A worker ant (D:4)
  2 adders
  An ooze (D:1)
  An adder skeleton (D:4)
  3 worms (D:2)
  A dart slug (D:1)
  A leopard gecko (D:4)
  3 orcs (D:3)
  6 giant cockroaches
  12 goblins
  12 hobgoblins
  7 jackals
  3 quokkas
  2 ball pythons
  5 bats
  3 frilled lizards
  6 kobolds
  7 rats
  A spectral orc (D:2)
81 creatures vanquished.

Notes
Turn   | Place    | Note
-------+----------+-------------------------------------------
     0 | D:1      | ANON1729 the Octopode Chaos Knight began the quest for the
                  | Orb.
     0 | D:1      | Reached XP level 1. HP: 16/16 MP: 1/1
   261 | D:1      | Reached XP level 2. HP: 14/21 MP: 2/2
   398 | D:1      | XOM: divination: detect creatures
   606 | D:1      | XOM: give mutation
   606 | D:1      | Gained mutation: You occasionally shout uncontrollably at
                  | your foes. [Xom's mischief]
   757 | D:1      | Reached XP level 3. HP: 26/26 MP: 3/3
  1388 | D:2      | XOM: 3-stop teleportation journey
  1436 | D:2      | Found a shadowy altar of Dithmenos.
  1439 | D:2      | Reached XP level 4. HP: 22/32 MP: 4/4
  1450 | D:2      | Noticed Natasha
  1456 | D:2      | Killed Natasha
  1617 | D:2      | XOM: god gift: long sword {god gift}
  1711 | D:2      | Found a sacrificial altar of Ru.
  1728 | D:2      | Noticed Natasha
  1746 | D:2      | Killed Natasha
  1875 | D:2      | Reached XP level 5. HP: 29/37 MP: 5/5
  2017 | D:2      | Noticed Natasha
  2024 | D:2      | Killed Natasha
  2120 | D:2      | XOM: enchant monster (bad)
  2121 | D:2      | XOM: give mutations
  2121 | D:2      | Gained mutation: You are clumsy. (Dex -2) [Xom's mischief]
  2121 | D:2      | Gained mutation: You are weak. (Str -2) [Xom's mischief]
  2121 | D:2      | Gained mutation: You are very weak. (Str -4) [Xom's
                  | mischief]
  2128 | D:2      | XOM: noise
  2158 | D:2      | XOM: 8-stop teleportation journey
  2313 | D:2      | Found a basalt altar of Yredelemnul.
  2658 | D:3      | XOM: cloud trail
  3142 | D:3      | XOM: silly message
  3144 | D:3      | Found a bloodstained altar of Trog.
  3145 | D:3      | Noticed an eye of draining
  3154 | D:3      | XOM: silly message
  3160 | D:3      | Killed an eye of draining
  3160 | D:3      | Reached XP level 6. HP: 34/44 MP: 0/6
  3595 | D:3      | Found a white marble altar of Elyvilon.
  3624 | D:4      | XOM: noise
  3735 | D:4      | Found a staircase to the Ecumenical Temple.
  3786 | D:4      | XOM: silly message
  3815 | D:4      | XOM: smoke on damage
  3819 | D:4      | HP: 1/44 [poisoned by a worker ant]
  3819 | D:4      | Mangled by a worker ant

Illustrated notes

Levels and vault maps discovered:
D:1:      onia_arrival_mini_maze_b, layout_basic, minmay_tiny_reverse_x
D:2:      minmay_alternating_diamond, layout_basic,
          yredelemnul_forgotten_temple_becter, nicolae_ru_the_path_less_chosen,
          serial_glass, glass_columns_b, glass_columns_c,
          nicolae_dithmenos_shadow_blocks, uniq_natasha
D:3:      layout_loops_ring, marbit_many_paths, trog_eyes_of_draining,
          st_stairs_9, grunt_ministairs_3
D:4:      layout_loops_ring, nemelex_xobeh_ov_fountains_minmay,
          minmay_temple_entry_fiery

Skill      XL: |  1  2  3  4  5 |
---------------+----------------+-----
Dodging        | 3 4 |  4.3
Fighting       | 4 |  4.7
Long Blades    | 4 |  4.6

Action                   |  1- 3 |  4- 6 || total
-------------------------+-------+-------++-------
Melee: Falchion          |    80 |    89 ||   169
       Constrict         |    29 |    22 ||    51
       Tentacles         |    16 |    13 ||    29
  Use: Potion            |       |     1 ||     1
 Stab: Sleeping          |     6 |     4 ||    10
       Distracted        |     1 |       ||     1
       Confused          |       |     1 ||     1
Armor: Skin              |    11 |     6 ||    17
Dodge: Dodged            |    63 |    46 ||   109
       Rpst.: Falchion   |    17 |    16 ||    33

Table legend: (Time is in decaauts)
 A = Elapsed time spent in this place.
 B = Non-inter-level travel time spent in this place.
 C = Inter-level travel time spent in this place.
 D = Time resting spent in this place.
 E = Time spent auto-exploring this place.
 F = Levels seen in this place.
 G = Mean time per level.
                   A        B        C        D        E       F      G
               +--------+--------+--------+--------+--------+-----+--------+
         Total |   3846 |   3756 |     90 |    432 |   2854 |   4 |  961.5 |
       Dungeon |   3846 |   3756 |     90 |    432 |   2854 |   4 |  961.5 |
               +--------+--------+--------+--------+--------+-----+--------+

Top non-repeatable levels by time:
     D:2: 1434 daAuts
     D:1: 1156 daAuts
     D:3: 1060 daAuts
     D:4: 195 daAuts
